 Dungeon Crawl Stone Soup version 0.32-a0-534-ga61f84b8bd (webtiles) character file.

Game seed: 3888487433463292404

179 Essalna the Firebug (level 5, -1/28 HPs)
             Began as a Gargoyle Fire Elementalist on Feb 28, 2024.
             Killed by miscasting Flame Wave (17 damage)
             ... on level 6 of the Dungeon.
             The game lasted 00:04:03 (3463 turns).

Essalna the Firebug (Gargoyle Fire Elementalist)    Turns: 3463, Time: 00:04:04

Health: -1/28      AC: 11    Str: 11    XL:     5   Next: 59%
Magic:  6/10       EV: 11    Int: 18    God:
Gold:   67         SH:  0    Dex: 10    Spells: 3/10 levels left

rFire   . . .        g - staff of conjuration
rCold   . . .        (no shield)
rNeg    + . .        a - +0 robe
rPois   ∞            n - +0 helmet
rElec   +            (no cloak)
rCorr   .            (no gloves)
SInv    .            (no boots)
Will    .....        (no amulet)
Stlth   ++           e - +4 ring of protection
HPRegen 0.24/turn    (no ring)
MPRegen 0.12/turn

%: no passive effects
@: very slightly contaminated
A: sickness immunity, AC +4, negative energy resistance 1, electricity
resistance, torment resistance 1, petrification resistance
a: no special abilities


You were on level 6 of the Dungeon.
You visited 1 branch of the dungeon, and saw 4 of its levels.

You collected 67 gold pieces.

Inventory:

Armour
 a - a +0 robe (worn)
 n - a +0 helmet (worn)
Magical Staves
 g - a staff of conjuration (weapon)
Jewellery
 e - a +4 ring of protection (left hand)
Scrolls
 c - 2 scrolls of identify {unknown}
 d - 4 scrolls of teleportation {unknown}
 f - a scroll of poison {unknown}
 j - 2 scrolls of amnesia {unknown}
 k - a scroll of fear {unknown}
 l - a scroll of silence {unknown}
 o - a scroll of vulnerability {unknown}
 p - a scroll of butterflies {unknown}
 r - a scroll of immolation {unknown}
Potions
 h - 3 potions of degeneration {unknown}
 i - a potion of ambrosia {unknown}
 m - a potion of curing {unknown}
 q - a potion of lignification {unknown}


   Skills:
 + Level 0.8 Fighting
 - Level 1.5 Dodging
 - Level 2.1 Stealth
 + Level 3.3 Spellcasting
 + Level 3.2 Conjurations
 + Level 4.2 Fire Magic


You had 3 spell levels left.
You knew the following spells:

 Your Spells              Type           Power      Damage    Failure   Level
a - Foxfire               Conj/Fire      96%        2x1d8     3%          1
b - Scorch                Fire           36%        2d6       4%          2
c - Flame Wave            Conj/Fire      24%        2d8       32%         4

Your spell library contained the following spells:

 Spells                   Type           Power      Damage    Failure   Level
 Inner Flame              Hex/Fire       10%        N/A       21%         3
 Volatile Blastmotes      Fire/Tloc      20%        2d11      21%         3
 Ignite Poison            Fire/Alch      10%        N/A       54%         4
 Freezing Cloud           Conj/Ice/Air   5%         6-21      95%         5
 Cigotuvi's Dreadful Rot  Necr/Alch/Air  Unusable   N/A       N/A         2

Dungeon Overview and Level Annotations

Branches:
Dungeon (3/15)

Altars:
Dithmenos
Qazlal
Wu Jian
Yredelemnul

Shops:
D:1 (


Innate Abilities, Weirdness & Mutations

You are immune to sickness and miasma.
Your stone body is resilient. (AC +4)
You are immune to poison.
You resist negative energy. (rN+)
You are resistant to electric shocks. (rElec)
You are resistant to unholy torment.
You are immune to petrification.


Message History

A water moccasin comes into view.
The kobold brigand hits you with a +0 whip.
You feel a surge of power!
You conjure some foxfire!
The foxfire hits the water moccasin!
The water moccasin is moderately wounded.
The foxfire hits the water moccasin.
The water moccasin is heavily wounded.
The water moccasin bites you but does no damage.
A jelly comes into view.
The kobold brigand barely misses you.
You feel a surge of power!
You conjure some foxfire!
The foxfire hits the kobold brigand.
The kobold brigand is burned terribly!
The kobold brigand is severely wounded.
The water moccasin bites you.
The kobold brigand hits you with a +0 whip.
The jelly jiggles.
The water moccasin closely misses you.
You are out of magic!
You hit the kobold brigand.
The kobold brigand is severely wounded.
The kobold brigand is no longer more vulnerable to fire.
The foxfire hits the water moccasin.
The water moccasin is heavily wounded.
The foxfire hits the kobold brigand.
The kobold brigand is almost dead.
The water moccasin bites you but does no damage.
The kobold brigand completely misses you.
Magic courses through your body.
The water moccasin bites you but does no damage.
The kobold brigand hits you with a +0 whip.
The water moccasin bites you.
Casting: Foxfire (safe; 3% risk of failure)
Confirm with . or Enter, or press ? or * to list all spells.
Casting: Flame Wave (astonishingly dangerous; 32% risk of failure)
Press: ? - help, Dir - look around, f - activate You feel a surge of power!
You miscast Flame Wave.
You are very lightly contaminated with residual magic.
You feel uncomfortably hot!
Ouch! That really hurt!
You die...

.....
##......#....#
...?#
##.....#..._P
#...###.....##..##
#.............#P#
#.....#.......###
.^.#..........#
..### #..........#
...J..#.....##..##
#.5K@.#...##.#
#.###S#....#.# #
§.#......#
#.....#...#
#.###.#...# #) ..


You could see a water moccasin, a kobold brigand, a jelly and an ufetubus.

Vanquished Creatures
  A jelly (D:6)
  An iguana (D:3)
  Robin (D:2)
  4 adders
  An ufetubus (D:6)
  2 dart slugs
  An endoplasm (D:2)
  2 giant cockroaches (D:1)
  13 hobgoblins
  3 jackals (D:1)
  6 kobolds
  A quokka (D:3)
  9 ball pythons
  3 bats
  A frilled lizard (D:1)
  12 goblins
  5 rats
66 creatures vanquished.

Vanquished Creatures (others)
  248 foxfires
248 creatures vanquished.

Grand Total: 314 creatures vanquished

Notes
Turn   | Place    | Note
-------+----------+-------------------------------------------
     0 | D:1      | Essalna the Gargoyle Fire Elementalist began the quest for
                  | the Orb.
     0 | D:1      | Reached XP level 1. HP: 10/10 MP: 3/3
   274 | D:1      | Reached XP level 2. HP: 14/15 MP: 5/5
   489 | D:1      | Learned a level 2 spell: Scorch
   926 | D:1      | Found Maigohez's Weapon Shop.
   940 | D:1      | Reached XP level 3. HP: 19/19 MP: 1/6
  1822 | D:2      | Reached XP level 4. HP: 24/24 MP: 4/8
  2158 | D:2      | Noticed Robin
  2183 | D:2      | Killed Robin
  2611 | D:2      | Learned a level 4 spell: Flame Wave
  2975 | D:3      | Reached skill level 4 in Fire Magic
  2975 | D:3      | Reached XP level 5. HP: 16/28 MP: 0/9
  3195 | D:3      | Found an ornate altar of the Wu Jian Council.
  3332 | D:3      | You fall into a shaft and drop 3 floors!
  3340 | D:6      | Found a basalt altar of Yredelemnul.
  3377 | D:6      | Found a shadowy altar of Dithmenos.
  3378 | D:6      | Found a stormy altar of Qazlal.
  3455 | D:6      | Noticed a kobold brigand
  3458 | D:6      | Noticed a water moccasin
  3463 | D:6      | Killed by miscasting Flame Wave

Illustrated notes

Levels and vault maps discovered:
D:1:      kennysheep_arrival_forest, layout_loops_ring, serial_shops, shop,
          minivault_23
D:2:      layout_basic, roderic_st_hans_cross, uniq_robin
D:3:      layout_basic, mainiacjoe_overflow_alcove_1
D:6:      hangedman_cross_stitches, layout_loops_corners,
          mainiacjoe_overflow_brackets, mainiacjoe_overflow_six_doors_small,
          gammafunk_temple_overflow_forgotten, uniq_maggie

Skill      XL: |  1  2  3  4 |
---------------+-------------+-----
Conjurations   | 2 3 |  3.2
Spellcasting   | 3 |  3.3
Fire Magic     | 4 |  4.2
Fighting       | |  0.8
Dodging        | |  1.5
Stealth        | |  2.1

Action                     |  1- 3 |  4- 6 || total
---------------------------+-------+-------++-------
  Melee: Unarmed           |    26 |       ||    26
         Staff             |    45 |     6 ||    51
   Cast: Foxfire           |    75 |    86 ||   161
         Scorch            |     4 |     2 ||     6
    Use: Potion            |       |     1 ||     1
   Stab: Sleeping          |     2 |       ||     2
 Armour: Robe              |    44 |    19 ||    63
  Dodge: Dodged            |    63 |    12 ||    75
         Repelled          |     1 |       ||     1

Table legend: (Time is in decaauts)
 A = Elapsed time spent in this place.
 B = Non-inter-level travel time spent in this place.
 C = Inter-level travel time spent in this place.
 D = Time resting spent in this place.
 E = Time spent auto-exploring this place.
 F = Levels seen in this place.
 G = Mean time per level.
                   A        B        C        D        E       F      G
               +--------+--------+--------+--------+--------+-----+--------+
         Total |   3471 |   3386 |     85 |      0 |   2893 |   4 |  867.8 |
       Dungeon |   3471 |   3386 |     85 |      0 |   2893 |   4 |  867.8 |
               +--------+--------+--------+--------+--------+-----+--------+

Top non-repeatable levels by time:
     D:2: 1336 daAuts
     D:1: 1324 daAuts
     D:3: 679 daAuts
     D:6: 131 daAuts
